Map: Blueshift LE

Players

JonSnow

  • Race: Zerg Zerg
  • Spawn Location: 7:00

Serral - Winner!

  • Race: Zerg Zerg
  • Spawn Location: 1:00

Event: WCS Montreal 2018

VOD

Have the link to the VOD?

Description

Time

  • Played on: Sept. 8, 2018, 9:43 a.m.
  • Length: 9:45

All games in this series

Show
View Real Time Build Order
Export as new Build Order

JonSnow Zerg 

Build Orders: Hatch First, Zergling Baneling 

Get SALT Encoding   

  12  0:00  Drone  
  13  0:13  Overlord  
  13  0:17  Drone  
  14  0:32  Drone x2  
  16  0:48  Hatchery  
  15  0:52  Drone  
  15  0:55  Drone  
  17  1:00  Drone  
  18  1:12  Spawning Pool  
  18  1:15  Extractor  
  16  1:19  Drone x2  
  18  1:30  Drone  
  19  1:46  Drone  
  20  1:53  Overlord  
  20  1:59  Queen  
  20  2:00  Queen  
  20  2:01  Zergling x2  
  25  2:07  Drone  
  26  2:11  Drone  
  26  2:13  Drone  
  26  2:15  Metabolic Boost  
  28  2:23  Drone  
  28  2:24  Drone  
  30  2:36  Drone x2  
  32  2:41  Hatchery  
  31  2:50  Overlord  
  31  2:53  Baneling Nest  
  31  2:55  Drone x2  
  32  2:59  Drone  
  32  3:04  Queen  
  35  3:08  Zergling x2  
  35  3:11  Zergling x2  
  35  3:12  Drone  
  38  3:13  Drone  
  39  3:20  Drone x3  
  39  3:23  Overlord  
  42  3:29  Zergling x2  
  42  3:34  Overlord  
  43  3:42  Baneling  
  43  3:45  Zergling x12  
  43  3:47  Baneling x2  
  49  3:51  Baneling  
  48  3:58  Drone x4  
  48  3:59  Drone  
  48  4:00  Baneling x2  
  53  4:05  Drone x2  
  53  4:06  Extractor  
  53  4:09  Overlord, Extractor  
  53  4:10  Evolution Chamber  
  53  4:14  Baneling  
  53  4:16  Drone x4  
  55  4:24  Drone x2  
  54  4:37  Zergling x2  
  54  4:38  Zergling x2  
  54  4:39  Drone x2  
  54  4:43  Overlord  
  54  4:44  Roach Warren  
  55  4:49  Zerg Missile Weapons Level 1  
  55  4:50  Zergling x16  
  63  4:53  Baneling x2  
  63  4:56  Overlord  
  63  5:09  Lair  
  63  5:17  Drone  
  63  5:18  Drone x10  
  74  5:25  Drone x3  
  74  5:27  Drone x3  
  77  5:30  Extractor  
  77  5:31  Extractor  
  75  5:37  Overlord  
  71  5:54  Drone x8  
  78  5:58  Overlord  
  78  5:59  Extractor  
  78  6:02  Roach  
  78  6:03  Roach x5  
  89  6:07  Baneling  
  89  6:08  Baneling  
  89  6:12  Hatchery  
  89  6:14  Roach x3  
  89  6:16  Glial Reconstitution  
  89  6:17  Pneumatized Carapace  
  93  6:20  Roach x2  
  93  6:34  Roach  
  93  6:35  Roach x5  
  105  6:40  Evolution Chamber  
  105  6:43  Drone x2, Zerg Missile Weapons Level 2  
  105  6:46  Overlord x3  
  105  6:53  Overseer  
  105  6:56  Overlord x2  
  105  7:05  Drone  
  105  7:06  Queen, Drone  
  105  7:07  Drone  
  105  7:08  Zerg Ground Armor Level 1, Drone x2  
  112  7:09  Ravager x4  
  112  7:13  Roach x3  
  122  7:18  Roach x2  
  122  7:19  Roach  
  122  7:21  Overlord  
  128  7:23  Roach  
  128  7:25  Ravager  
  128  7:29  Roach x3  
  137  7:43  Roach x9  
  155  7:48  Roach x2  
  159  7:52  Overlord x2  
  148  8:10  Roach x4  
  148  8:18  Roach x2  
  148  8:19  Roach x5  
  156  8:24  Hatchery  
  136  8:31  Roach x2  
  124  8:36  Roach  
  124  8:39  Roach x2  
  124  8:41  Roach x3  
  121  8:46  Roach x3  
  121  8:48  Overseer  
  116  8:52  Roach x2  
  120  8:56  Overseer  
  120  9:00  Roach  
  120  9:01  Roach  
  124  9:05  Roach  
  121  9:10  Roach x6  
  121  9:15  Roach x2  
  113  9:23  Roach x2  
  113  9:24  Roach  
Show
View Real Time Build Order
Export as new Build Order

Serral Zerg - Winner!

Build Orders: Hatch First 

Get SALT Encoding   

  12  0:00  Drone  
  13  0:12  Overlord  
  13  0:16  Drone  
  14  0:30  Drone  
  14  0:31  Drone  
  16  0:47  Hatchery  
  15  0:50  Drone  
  15  0:54  Drone  
  17  0:57  Drone  
  18  1:08  Extractor  
  17  1:12  Spawning Pool  
  17  1:15  Drone  
  17  1:18  Drone  
  18  1:27  Drone  
  19  1:42  Drone  
  20  1:49  Overlord  
  20  1:59  Queen x2  
  24  2:03  Drone x2  
  24  2:07  Metabolic Boost  
  26  2:10  Drone  
  26  2:11  Drone  
  28  2:21  Zergling x4  
  30  2:32  Hatchery  
  30  2:35  Drone  
  30  2:38  Drone  
  31  2:46  Overlord, Baneling Nest  
  31  2:49  Drone  
  31  2:53  Drone  
  31  2:54  Drone  
  33  3:05  Zergling x4  
  35  3:09  Zergling x4  
  35  3:11  Overlord  
  37  3:13  Drone x2  
  37  3:15  Drone  
  40  3:22  Zergling x2  
  41  3:30  Baneling x2  
  41  3:31  Drone x3  
  44  3:35  Queen  
  44  3:38  Drone  
  44  3:40  Evolution Chamber  
  46  3:42  Overlord  
  46  3:44  Drone  
  46  3:46  Drone  
  48  3:48  Drone  
  48  3:52  Zergling x2  
  48  3:55  Zergling x2  
  50  3:56  Drone x3  
  50  3:59  Drone  
  53  4:07  Zergling x2  
  53  4:08  Zerg Missile Weapons Level 1  
  55  4:10  Drone x2  
  55  4:11  Baneling  
  55  4:14  Zergling x6  
  59  4:17  Baneling  
  59  4:20  Extractor  
  59  4:21  Drone, Extractor  
  59  4:23  Roach Warren  
  55  4:25  Drone x2  
  56  4:36  Drone x6  
  59  4:41  Lair  
  59  4:43  Overlord x2  
  59  4:46  Zergling x2  
  59  4:48  Drone  
  59  4:50  Drone  
  59  4:52  Drone  
  63  4:54  Drone x2  
  65  5:04  Drone x5  
  70  5:07  Drone x2  
  70  5:10  Drone  
  70  5:11  Baneling x2  
  73  5:15  Drone  
  73  5:16  Drone x2  
  75  5:24  Zergling x6  
  75  5:27  Extractor  
  75  5:28  Overlord, Extractor  
  75  5:29  Extractor  
  75  5:31  Drone x2  
  75  5:32  Drone x2  
  75  5:33  Drone x2  
  75  5:35  Baneling x2  
  78  5:37  Zergling x2  
  78  5:40  Glial Reconstitution  
  80  5:43  Baneling  
  80  5:44  Roach  
  80  5:45  Baneling  
  80  5:47  Roach x2  
  85  5:53  Overlord  
  85  5:55  Overlord  
  85  5:59  Overlord  
  85  6:00  Overlord  
  85  6:03  Roach x2  
  85  6:04  Overlord, Zerg Missile Weapons Level 2  
  89  6:05  Overlord  
  89  6:07  Overlord  
  89  6:12  Hatchery, Roach x3  
  89  6:15  Pneumatized Carapace  
  89  6:16  Overseer  
  94  6:24  Drone x3  
  92  6:33  Extractor  
  92  6:34  Roach x9  
  108  6:41  Evolution Chamber  
  107  6:50  Roach x7  
  121  6:57  Overlord  
  121  7:07  Roach x3  
  127  7:09  Zerg Ground Armor Level 1  
  127  7:13  Roach x9  
  145  7:22  Drone x3  
  148  7:23  Drone  
  148  7:27  Tunneling Claws  
  148  7:28  Burrow  
  149  7:30  Overlord x2, Queen  
  149  7:33  Roach  
  149  7:34  Baneling x2  
  153  7:39  Roach x3  
  153  7:42  Overlord x2  
  159  7:45  Overseer  
  159  7:46  Overlord  
  159  7:51  Roach x3  
  165  7:55  Ravager x2  
  167  8:02  Roach x5  
  168  8:08  Roach x5  
  176  8:19  Roach  
  166  8:20  Roach x6  
  166  8:22  Roach x2  
  162  8:28  Roach x3  
  156  8:35  Roach x4  
  146  8:41  Roach x3  
  146  8:43  Roach x3  
  146  8:46  Roach x11  
  146  8:48  Roach x3  
  150  8:54  Roach  
  150  8:55  Drone, Roach x3, Extractor  
  149  8:56  Drone x2, Roach  
  149  8:57  Roach x6  
  149  8:58  Roach x4  
  160  9:03  Roach  
  160  9:07  Roach  
  160  9:08  Roach x5  
  160  9:09  Roach x3  
  158  9:18  Roach x7  
Tags
 
Add a new tag
Caveats
  • Supply blocks, unpowered buildings, or Contaminate may cause inaccurate times.
  • Supply counts are checked every 10 seconds.